 Dungeon Crawl Stone Soup version 0.29.0-4-gdea44cf6ec (webtiles) character file.

Game seed: 3638008255260298967

1257 qw the Grappler (level 8, -1/75 HPs)
             Began as a Troll Cinder Acolyte on Aug 31, 2022.
             Was a High Priest of Ignis.
             Slain by a yak (8 damage)
             ... on level 5 of the Dungeon.
             The game lasted 00:02:09 (3890 turns).

qw the Grappler (Troll Cinder Acolyte)              Turns: 3890, Time: 00:02:09

Health: -1/75      AC: 12    Str: 25    XL:     8   Next: 27%
Magic:  0/0        EV:  9    Int: 10    God:    Ignis [*****.]
Gold:   283        SH:  0    Dex:  5    Spells: 9/9 levels left

rFire   + . .      SeeInvis .     - Unarmed
rCold   . . .      Faith    .   (no shield)
rNeg    . . .      Spirit   .   e - +1 robe "Otwougis" {rElec rCorr MP-9}
rPois   .          Reflect  .   (helmet restricted)
rElec   +          Harm     .   (no cloak)
rCorr   +          Rampage  .   (gloves unavailable)
Will    .....                   (boots unavailable)
Stlth   +.........              (no amulet)
HPRegen 1.02/turn               (no ring)
MPRegen 0.07/turn               (no ring)

@: fiery-armoured
A: large, unfitting armour, claws 3, regeneration 1, shaggy fur 1, tough skin 1
a: Renounce Religion, Fiery Armour, Foxfire Swarm, Rising Flame


You were on level 5 of the Dungeon.
You worshipped Ignis.
Ignis was extremely pleased with you.
You visited 1 branch of the dungeon, and saw 5 of its levels.

You collected 283 gold pieces.


Innate Abilities, Weirdness & Mutations

You are too large for most types of armour.
You have claws for hands.
Your natural rate of healing is unusually fast.
You are covered in fur. (AC +1)
You have tough skin. (AC +1)


   Skills:
 - Level 3.1 Fighting
 - Level 1.5 Dodging
 + Level 9.9 Unarmed Combat
 - Level 1.0 Spellcasting
 - Level 2.1 Fire Magic


You had 9 spell levels left.
You didn't know any spells.
Your spell library contained the following spells:

 Spells                   Type           Power      Damage    Failure   Level
 Scorch                   Fire           8%         2d5       22%         2

Inventory:

Armour
 e - the +1 robe "Otwougis" (worn) {rElec rCorr MP-9}
   (You found it on level 3 of the Dungeon)

   rElec:     It insulates you from electricity.
   MP:        It affects your magic capacity (-9).
   rCorr:     It protects you from acid and corrosion.
Scrolls
 d - a scroll of identify
 Y - 2 scrolls of enchant weapon
Potions
 b - a potion of haste
 c - a potion of might
 g - a potion of magic {unknown}
 h - a potion of degeneration {unknown}
 i - a potion of lignification {unknown}
 j - 2 potions of heal wounds {unknown}
 k - a potion of flight {unknown}
 l - a potion of curing

Dungeon Overview and Level Annotations

Branches:
Dungeon (5/15)             Temple (0/1) D:4

Altars:
Nemelex Xobeh
Wu Jian

Shops:
D:2 =


Message History

A yak comes into view.
3881 ||| Stepping ~*~*~tactically~*~*~ (outnumbered).
The yak attacks as you move away! The yak gores you but does no damage.
The yak attacks as you move away! The yak gores you!
3882 ||| INVOKING Fiery Armour.
A protective cloak of flame settles atop you.
The yak barely misses you. The yak gores you!
The yak is burned by your cloak of flames.
The yak is moderately wounded.
3883 ||| Stepping ~*~*~tactically~*~*~ (outnumbered).
The yak attacks as you move away! The yak gores you.
The yak is burned by your cloak of flames.
The yak is heavily wounded.
The yak attacks as you move away! The yak gores you.
The yak is burned by your cloak of flames.
The yak is lightly wounded.
A yak comes into view.
3884 ||| Stepping ~*~*~tactically~*~*~ (outnumbered).
The yak attacks as you move away! The yak gores you!
The yak is burned by your cloak of flames.
The yak is heavily wounded.
The yak attacks as you move away! The yak gores you!
The yak is burned by your cloak of flames.
The yak is moderately wounded.
3885 ||| Stepping ~*~*~tactically~*~*~ (outnumbered).
The yak attacks as you move away! The yak barely misses you.
3886 ||| Stepping ~*~*~tactically~*~*~ (outnumbered).
The yak attacks as you move away! The yak barely misses you.
The yak attacks as you move away! The yak barely misses you.
3887 ||| Stepping ~*~*~tactically~*~*~ (outnumbered).
An orc comes into view. It is wielding a +0 hand axe.
You completely miss the yak.
The yak is heavily wounded.
The yak barely misses you. The yak gores you.
You claw the yak!
The yak is severely wounded.
You barely miss the yak.
The yak is severely wounded.
The yak gores you!
You die...

........#####
............+
.......#.####
.......#.# #.#
.......#'## #.#
..........# #.#
..........# #.#
..........##### #.#
######......@#####.#
#...#..YY.....# #
#...#....Y....# .#
#...#.........#
#.###
#...#......Y..##..YY
#####.........#...
#........o#.#
#.........%.#
#........>###


You could see 4 yaks and an orc.

Vanquished Creatures
  Eustachio (D:5)
  A yak (D:5)
  A black bear (D:5)
  An ice beast (D:5)
  An ogre (D:5)
  A centaur (D:4)
  2 necrophages (D:4)
  4 scorpions (D:5)
  2 hounds
  Ijyb (D:5)
  5 gnolls
  8 adders
  2 worms
  6 orcs
  5 ball pythons
  5 bats
  10 endoplasms
  3 giant cockroaches
  5 goblins
  4 hobgoblins
  7 jackals
  6 quokkas
  2 frilled lizards
  8 kobolds
  3 rats
94 creatures vanquished.

Vanquished Creatures (others)
  12 plants (D:4)
  4 toadstools (D:4)
16 creatures vanquished.

Grand Total: 110 creatures vanquished

Notes
Turn   | Place    | Note
-------+----------+-------------------------------------------
     0 | D:1      | qw the Troll Cinder Acolyte began the quest for the Orb.
     0 | D:1      | Reached XP level 1. HP: 22/22 MP: 1/1
     0 | D:1      | 0 ||| qw: Version: 0.1-a-97-g2dd2ca4
     0 | D:1      | 0 ||| qw: Game counter: 4526
     0 | D:1      | 0 ||| qw: Always use a shield: true
     0 | D:1      | 0 ||| qw: God list: Okawaru
     0 | D:1      | 0 ||| qw: Allow faded altars: false
     0 | D:1      | 0 ||| qw: Do Orc after D:15 true
     0 | D:1      | 0 ||| qw: Do second Lair branch before Depths: true
     0 | D:1      | 0 ||| qw: Lair rune preference: random
     0 | D:1      | 0 ||| qw: Plans: Normal
     0 | D:1      | 0 ||| PLANNING D:1-11
    64 | D:1      | Found a faded altar of an unknown god.
   185 | D:1      | Reached XP level 2. HP: 28/29 MP: 2/2
   833 | D:1      | 833 ||| READING scroll labelled TOOT WECSYBOR.
   834 | D:1      | 834 ||| READING 2 scrolls labelled CEPUSE NELASO.
   835 | D:1      | 835 ||| READING scroll labelled SATZUF OFIFEXT.
   836 | D:1      | 836 ||| READING scroll labelled MUBERU PEODGHO.
   837 | D:1      | 837 ||| DRINKING 2 fuming coppery potions.
   838 | D:1      | 838 ||| DROPPING scroll of poison.
   839 | D:1      | 839 ||| Stepping randomly (stuck).
   840 | D:1      | 840 ||| Stepping ~*~*~tactically~*~*~ (cloud).
   933 | D:2      | Reached skill level 4 in Unarmed Combat
  1077 | D:2      | 1077 ||| Stepping ~*~*~tactically~*~*~ (outnumbered).
  1078 | D:2      | 1078 ||| Stepping ~*~*~tactically~*~*~ (outnumbered).
  1079 | D:2      | 1079 ||| Stepping ~*~*~tactically~*~*~ (outnumbered).
  1080 | D:2      | 1080 ||| Stepping ~*~*~tactically~*~*~ (outnumbered).
  1199 | D:2      | Reached XP level 3. HP: 36/36 MP: 3/3
  1227 | D:2      | Found Teutuj's Jewellery Boutique.
  1272 | D:2      | 1272 ||| SHOPLISTING amulet of Carib {Spirit Int+4} (590
                  | gold, have 54).
  1272 | D:2      | 1272 ||| SHOPLISTING ring of poison resistance (260 gold,
                  | have 54).
  1272 | D:2      | 1272 ||| SHOPLISTING ring of positive energy (260 gold,
                  | have 54).
  1272 | D:2      | 1272 ||| SHOPLISTING ring of willpower (325 gold, have 54).
  1386 | D:2      | Found an ornate altar of the Wu Jian Council.
  1539 | D:2      | Identified the +0 ring mail of the Furrier {Int+3}
  1631 | D:2      | 1631 ||| DRINKING 2 blue potions.
  1755 | D:3      | Reached skill level 5 in Unarmed Combat
  1755 | D:3      | Reached XP level 4. HP: 44/44 MP: 4/4
  1874 | D:3      | Identified the +1 robe "Otwougis" {rElec rCorr MP-9}
  1909 | D:3      | 1909 ||| Stepping ~*~*~tactically~*~*~ (hiding).
  1923 | D:3      | 1923 ||| Stepping ~*~*~tactically~*~*~ (stealth).
  2275 | D:3      | 2275 ||| UPGRADING to +1 robe "Otwougis" {rElec rCorr
                  | MP-9}.
  2285 | D:3      | 2285 ||| DROPPING +0 robe.
  2286 | D:3      | 2286 ||| READING scroll labelled UNAF FUOJOSOUP.
  2287 | D:3      | 2287 ||| READING scroll labelled CAUDIXT LUKOG.
  2288 | D:3      | 2288 ||| READING scroll labelled ENUSANEFO.
  2291 | D:3      | 2291 ||| DRINKING 2 fizzy green potions.
  2292 | D:3      | 2292 ||| DRINKING 2 viscous puce potions.
  2396 | D:3      | 2396 ||| READING 2 scrolls of identify.
  2396 | D:3      | 2396 ||| IDENTIFYING cyan potion
  2397 | D:3      | 2397 ||| DROPPING potion of attraction.
  2398 | D:3      | 2398 ||| DROPPING potion of berserk rage.
  2421 | D:4      | Identified the +5 ring mail "Zoseamn" {rN+}
  2422 | D:4      | 2422 ||| Stepping randomly (stuck).
  2649 | D:4      | 2649 ||| INVOKING Fiery Armour.
  2653 | D:4      | Reached XP level 5. HP: 45/50 MP: 0/5
  2656 | D:4      | Reached skill level 6 in Unarmed Combat
  2659 | D:4      | Noticed a centaur
  2660 | D:4      | 2660 ||| Stepping ~*~*~tactically~*~*~ (stealth).
  2718 | D:4      | Found a sparkling altar of Nemelex Xobeh.
  2777 | D:4      | Found a staircase to the Ecumenical Temple.
  2864 | D:4      | 2864 ||| Stepping ~*~*~tactically~*~*~ (stealth).
  2865 | D:4      | 2865 ||| Stepping ~*~*~tactically~*~*~ (stealth).
  2870 | D:4      | Reached XP level 6. HP: 56/59 MP: 0/6
  2886 | D:4      | Reached skill level 7 in Unarmed Combat
  3059 | D:4      | 3059 ||| Stepping ~*~*~tactically~*~*~ (hiding).
  3500 | D:4      | 3500 ||| DROPPING ring of wizardry.
  3501 | D:4      | 3501 ||| READING 3 scrolls labelled HACZEF ZYOMIT.
  3502 | D:4      | 3502 ||| READING 3 scrolls of identify.
  3502 | D:4      | 3502 ||| IDENTIFYING fizzy orange potion
  3503 | D:4      | 3503 ||| READING 2 scrolls of identify.
  3503 | D:4      | 3503 ||| IDENTIFYING dark potion
  3504 | D:4      | 3504 ||| DROPPING potion of invisibility.
  3505 | D:4      | 3505 ||| DROPPING potion of ambrosia.
  3560 | D:5      | Entered Level 5 of the Dungeon
  3562 | D:5      | Noticed Eustachio
  3568 | D:5      | 3568 ||| Stepping ~*~*~tactically~*~*~ (outnumbered).
  3573 | D:5      | Killed Eustachio
  3574 | D:5      | Reached skill level 8 in Unarmed Combat
  3574 | D:5      | Reached XP level 7. HP: 53/66 MP: 0/7
  3617 | D:5      | Reached skill level 3 in Fighting
  3650 | D:5      | 3650 ||| Stepping ~*~*~tactically~*~*~ (stealth).
  3652 | D:5      | Noticed Ijyb
  3654 | D:5      | 3654 ||| Stepping ~*~*~tactically~*~*~ (hiding).
  3655 | D:5      | 3655 ||| Stepping ~*~*~tactically~*~*~ (hiding).
  3661 | D:5      | Killed Ijyb
  3667 | D:5      | 3667 ||| Stepping ~*~*~tactically~*~*~ (outnumbered).
  3668 | D:5      | 3668 ||| Stepping ~*~*~tactically~*~*~ (outnumbered).
  3669 | D:5      | 3669 ||| Stepping ~*~*~tactically~*~*~ (outnumbered).
  3670 | D:5      | 3670 ||| Stepping ~*~*~tactically~*~*~ (outnumbered).
  3672 | D:5      | 3672 ||| INVOKING Fiery Armour.
  3674 | D:5      | 3674 ||| Stepping ~*~*~tactically~*~*~ (outnumbered).
  3675 | D:5      | 3675 ||| Stepping ~*~*~tactically~*~*~ (outnumbered).
  3679 | D:5      | Reached skill level 9 in Unarmed Combat
  3679 | D:5      | 3679 ||| Stepping ~*~*~tactically~*~*~ (outnumbered).
  3680 | D:5      | 3680 ||| Stepping ~*~*~tactically~*~*~ (outnumbered).
  3681 | D:5      | 3681 ||| Stepping ~*~*~tactically~*~*~ (outnumbered).
  3683 | D:5      | 3683 ||| Stepping ~*~*~tactically~*~*~ (outnumbered).
  3684 | D:5      | 3684 ||| Stepping ~*~*~tactically~*~*~ (outnumbered).
  3686 | D:5      | 3686 ||| Stepping ~*~*~tactically~*~*~ (outnumbered).
  3687 | D:5      | 3687 ||| Stepping ~*~*~tactically~*~*~ (outnumbered).
  3688 | D:5      | 3688 ||| Stepping ~*~*~tactically~*~*~ (outnumbered).
  3689 | D:5      | 3689 ||| Stepping ~*~*~tactically~*~*~ (outnumbered).
  3690 | D:5      | 3690 ||| Stepping ~*~*~tactically~*~*~ (outnumbered).
  3694 | D:5      | Reached skill level 1 in Dodging
  3755 | D:5      | Reached XP level 8. HP: 74/75 MP: 0/8
  3870 | D:5      | 3870 ||| Stepping ~*~*~tactically~*~*~ (stealth).
  3873 | D:5      | 3873 ||| Stepping ~*~*~tactically~*~*~ (stealth).
  3881 | D:5      | 3881 ||| Stepping ~*~*~tactically~*~*~ (outnumbered).
  3882 | D:5      | 3882 ||| INVOKING Fiery Armour.
  3883 | D:5      | 3883 ||| Stepping ~*~*~tactically~*~*~ (outnumbered).
  3884 | D:5      | 3884 ||| Stepping ~*~*~tactically~*~*~ (outnumbered).
  3884 | D:5      | HP: 14/75 [yak (8)]
  3884 | D:5      | HP: 3/75 [yak (11)]
  3885 | D:5      | 3885 ||| Stepping ~*~*~tactically~*~*~ (outnumbered).
  3886 | D:5      | 3886 ||| Stepping ~*~*~tactically~*~*~ (outnumbered).
  3887 | D:5      | 3887 ||| Stepping ~*~*~tactically~*~*~ (outnumbered).
  3890 | D:5      | Slain by a yak

Levels and vault maps discovered:
D:1:      zaba_arrival_water, layout_basic,
          shapermc_ecumenical_altar_mp_vishouse, minmay_tree_intersection
D:2:      layout_basic, serial_shops, nicolae_shop_waterfront, basic_altar
D:3:      layout_basic, minmay_cupped
D:4:      minmay_general_purpose_star, layout_layer_cave,
          mainiacjoe_overflow_24_doors, minmay_temple_entry_arrows,
          serial_forest, infiniplex_forest_clump_cross,
          infiniplex_forest_clump_large, infiniplex_forest_clump_cross,
          infiniplex_forest_lined_room_, infiniplex_forest_straight_2,
          infiniplex_forest_clump_diagonal, minmay_gold_behind_fungi,
          due_unseen_surprise
D:5:      layout_basic, serial_shops, nicolae_shop_bloodbath_and_beyond, shop,
          uniq_ijyb, uniq_crazy_yiuf_cottage, uniq_eustachio

Skill      XL: |  1  2  3  4  5  6  7 |
---------------+----------------------+-----
Unarmed Combat | 4 5 6 8 9 |  9.9
Fighting       | 3 |  3.1
Dodging        | 1 |  1.5
Spellcasting   | |  1.0
Fire Magic     | |  2.1

Action                   |  1- 3 |  4- 6 |  7- 9 || total
-------------------------+-------+-------+-------++-------
Melee: Unarmed           |   107 |   103 |    55 ||   265
       Punch             |     1 |     2 |     1 ||     4
Invok: Fiery Armour      |       |     1 |     2 ||     3
  Use: Scroll            |     4 |     7 |       ||    11
       Potion            |     2 |     2 |       ||     4
Armor: Robe              |    31 |    46 |    17 ||    94
Dodge: Dodged            |    36 |    38 |    28 ||   102

Table legend:
 A = Non-vault XP
 B = Vault XP
 C = Vault XP percentage of total XP
 D = Non-vault monster count
 E = Vault monster count
 F = Vault count percentage of total count
                 A         B        C        D         E       F
            +---------+---------+-------+---------+---------+-------
      Total |    1448 |     349 |  19.4 |      85 |       9 |   9.6
            +---------+---------+-------+---------+---------+-------
        D:1 |      26 |       0 |   0.0 |      15 |       0 |   0.0
        D:2 |      53 |       0 |   0.0 |      17 |       0 |   0.0
        D:3 |      62 |      20 |  24.4 |      20 |       4 |  16.7
        D:4 |     345 |      93 |  21.2 |      18 |       3 |  14.3
        D:5 |     962 |     236 |  19.7 |      15 |       2 |  11.8
            +---------+---------+-------+---------+---------+-------
